 Dungeon Crawl Stone Soup version 0.31.0-9-g3a7656b989 (webtiles) character file.

Game seed: 9693513797263096576

25 qw the Shooter (level 2, -2/16 HPs)
             Began as a Deep Elf Hunter on Feb 2, 2024.
             Slain by Terence
             ... wielding a +2 flail of holy wrath
              (11 damage)
             ... on level 2 of the Dungeon.
             The game lasted 00:00:04 (989 turns).

qw the Shooter (Deep Elf Hunter)                     Turns: 989, Time: 00:00:04

Health: -2/16      AC:  6    Str:  8    XL:     2   Next: 86%
Magic:  4/4        EV:  8    Int: 13    God:
Gold:   46         SH:  0    Dex: 18    Spells: 1/1 levels left

rFire   . . .        a - +0 shortbow
rCold   . . .        (shield currently unavailable)
rNeg    . . .        d - +0 scale mail
rPois   .            (no helmet)
rElec   .            (no cloak)
rCorr   .            (no gloves)
SInv    .            (no boots)
Will    .....        (no amulet)
Stlth   +            (no ring)
HPRegen 0.22/turn    (no ring)
MPRegen 0.09/turn

%: no passive effects
@: no status effects
A: no striking features
a: no special abilities


You were on level 2 of the Dungeon.
You visited 1 branch of the dungeon, and saw 2 of its levels.

You collected 46 gold pieces.


   Skills:
 - Level 1.5 Fighting
 + Level 6.5 Ranged Weapons
 - Level 2.4 Dodging
 - Level 1.2 Stealth


You had one spell level left.
You didn't know any spells.
Your spell library was empty.

Inventory:

Hand Weapons
 a - a +0 shortbow (weapon)
Armour
 d - a +0 scale mail (worn)
Potions
 e - a potion of enlightenment {unknown}
 g - a potion of ambrosia {unknown}
 h - a potion of heal wounds {unknown}

Dungeon Overview and Level Annotations

Branches:
Dungeon (2/15)

Altars:

Shops:
D:1 [

Annotations:
D:2 Terence


Message History

Enter note: You are engulfed in poison gas.
You are poisoned.
You feel very sick.
912 ||| Stepping ~*~*~tactically~*~*~ (cloud).
You feel sick.
You see here a scroll of butterflies.
You start resting.
You feel sick. x6
You are no longer poisoned.
HP restored.
There is a stone staircase leading down here.
Partly explored, can't reach some places.
What level of the Dungeon? (default 2, ? - help)
You climb downwards.
There is a stone staircase leading up here.
Waypoint 1 assigned to D:2.
Terence the Incautious comes into view.
He is wielding a +2 flail of holy wrath.
Terence shouts!
You hear a shout!
You shoot an arrow.
The arrow hits Terence but does no damage.
You shoot an arrow. The arrow closely misses Terence.
Terence screams, "I'm going to kill you!"
You shoot an arrow. The arrow closely misses Terence.
A ball python comes into view.
You shoot an arrow. The ball python hisses angrily.
The arrow hits Terence!
Terence is heavily wounded.
You shoot an arrow. The arrow closely misses Terence.
The arrow hits the ball python.
You kill the ball python!
Terence hits you with a +2 flail of holy wrath.
A kobold comes into view. It is wielding a +0 whip.
Terence hits you with a +2 flail of holy wrath.
You shoot an arrow. The arrow hits Terence.
Terence is heavily wounded.
Terence hits you with a +2 flail of holy wrath!
Ouch! That really hurt!
You die...
Terence says, "That felt goooood."

#.# #.# #.. #.#
#.# ##..####<#
.........#
##..####.######.#
........@@....K.
#.##############


You could see Terence and a kobold.

Vanquished Creatures
  3 hobgoblins (D:1)
  5 kobolds (D:1)
  2 ball pythons
  3 bats (D:1)
  A frilled lizard (D:1)
  7 goblins (D:1)
  2 rats (D:1)
23 creatures vanquished.

Notes
Turn   | Place    | Note
-------+----------+-------------------------------------------
     0 | D:1      | qw the Deep Elf Hunter began the quest for the Orb.
     0 | D:1      | Reached XP level 1. HP: 12/12 MP: 3/3
     0 | D:1      | 0 ||| qw: Version: 0.3-a-155-g5e7d8dd
     0 | D:1      | 0 ||| qw: Game counter: 2073
     0 | D:1      | 0 ||| qw: Melee chars always use a shield: true
     0 | D:1      | 0 ||| qw: God list: Okawaru
     0 | D:1      | 0 ||| qw: Allow faded altars: false
     0 | D:1      | 0 ||| qw: Do Orc after clearing Dungeon:15 true
     0 | D:1      | 0 ||| qw: Do second Lair branch before Depths: true
     0 | D:1      | 0 ||| qw: Lair rune preference: random
     0 | D:1      | 0 ||| qw: Goals: Normal
     0 | D:1      | 0 ||| PLANNING D:1-11
   191 | D:1      | Found a faded altar of an unknown god.
   223 | D:1      | Reached skill level 6 in Ranged Weapons
   223 | D:1      | Reached XP level 2. HP: 16/16 MP: 4/4
   608 | D:1      | Found Rosoengus's Armour Shoppe.
   617 | D:1      | 617 ||| SHOPLISTING +0 ring mail (56 gold, have 46).
   617 | D:1      | 617 ||| SHOPLISTING +2 helmet of see invisible (301 gold,
                  | have 46).
   892 | D:1      | 892 ||| UPGRADING to +0 scale mail.
   902 | D:1      | 902 ||| DROPPING +0 leather armour.
   903 | D:1      | 903 ||| DROPPING scarf of shadows.
   904 | D:1      | 904 ||| READING scroll labelled MUEM ECZALA.
   907 | D:1      | 907 ||| READING scroll labelled SAGRARAR FIA.
   908 | D:1      | 908 ||| READING scroll labelled PIPECO VADEO.
   909 | D:1      | 909 ||| READING scroll labelled YWKUMOT QENNUSKO.
   910 | D:1      | 910 ||| DROPPING scroll of butterflies.
   912 | D:1      | 912 ||| Stepping ~*~*~tactically~*~*~ (cloud).
   983 | D:2      | Noticed Terence
   989 | D:2      | Slain by Terence

Levels and vault maps discovered:
D:1:      kilobyte_arrival_exit_the_forest, layout_loops_ring,
          hellmonk_ecumenical_altar_lost_god, serial_glass, glass_columns_c,
          glass_columns_b, glass_columns_b, glass_columns_c, glass_columns_a,
          glass_columns_b, serial_shops, nicolae_square_shop,
          minmay_misc_feat_four_crosses
D:2:      layout_loops_ring, uniq_terence, uniq_jessica

Skill      XL: |  1 |
---------------+----+-----
Ranged Weapons | 6 |  6.5
Fighting       | |  1.5
Dodging        | |  2.4
Stealth        | |  1.2

Action                     || total
---------------------------++-------
   Fire: Shortbow          ||    75
    Use: Scroll            ||     4
 Armour: Leather armour    ||    10
         Scale mail        ||     3
  Dodge: Dodged            ||    15

Table legend:
 A = Non-vault XP
 B = Vault XP
 C = Vault XP percentage of total XP
 D = Non-vault monster count
 E = Vault monster count
 F = Vault count percentage of total count
                 A         B        C        D         E       F
            +---------+---------+-------+---------+---------+-------
      Total |      37 |       0 |   0.0 |      23 |       0 |   0.0
            +---------+---------+-------+---------+---------+-------
        D:1 |      36 |       0 |   0.0 |      22 |       0 |   0.0
        D:2 |       1 |       0 |   0.0 |       1 |       0 |   0.0
            +---------+---------+-------+---------+---------+-------
